 Dungeon Crawl Stone Soup version 0.31.0-11-ge490571c62 (webtiles) character file.

Game seed: 4333340596317476179

368318 Yore the Slayer (level 22, -8/162 HPs)
             Began as a Gargoyle Fighter on Feb 2, 2024.
             Was an Elder of the Shining One.
             Killed by the air
             ... invoked by a titan
              (18 damage)
             ... on level 5 of the Vaults on Feb 3, 2024.
             The game lasted 01:46:52 (47244 turns).

Yore the Slayer (Gargoyle Fighter)                 Turns: 47244, Time: 01:46:53

Health: -8/162     AC: 40    Str: 28    XL:     22   Next: 60%
Magic:  3/36       EV: 16    Int: 15    God:    the Shining One [****..]
Gold:   4333       SH: 14    Dex: 18    Spells: 21/21 levels left

rFire   + . .        r - +4 sacred scourge (holy)
rCold   + . .        X - +0 buckler {rC+}
rNeg    + + +        Y - +5 ring mail of Yjouph Qala {rF+ Str+2}
rPois   ∞            w - +1 hat {Int+3}
rElec   +            V - +1 cloak
rCorr   .            W - +0 pair of gloves {Stlth+}
SInv    .            E - +2 pair of boots "Muamaumi" {+Inv Int+4 Dex+3}
Will    +....        v - amulet of reflection
Stlth   +            J - +4 ring of slaying
HPRegen 0.47/turn    s - +4 ring of slaying
MPRegen 0.25/turn

%: reflection
@: marked, flying, glowing, studying 2 skills
A: sickness immunity, AC +16, big wings, negative energy resistance 1,
electricity resistance, torment resistance 1, petrification resistance
}: 2/15 runes: decaying, gossamer
a: Renounce Religion, Evoke Invisibility, Divine Shield, Cleansing Flame


You were on level 5 of the Vaults.
You worshipped the Shining One.
The Shining One was greatly pleased with you.
You visited 8 branches of the dungeon, and saw 37 of its levels.
You also visited: Sewer, Gauntlet, Ice Cave and Volcano.

You collected 5873 gold pieces.
You spent 1540 gold pieces at shops.

Inventory:

Hand Weapons
 r - a +4 sacred scourge of holy wrath (weapon)
 z - a +2 morningstar of holy wrath
Missiles
 a - 9 javelins
 g - 25 boomerangs (quivered)
 x - 3 throwing nets
 R - 8 silver javelins
Armour
 w - a +1 hat of intelligence (worn)
 E - the +2 pair of boots "Muamaumi" (worn) {+Inv Int+4 Dex+3}
   (You found it on level 10 of the Dungeon)

   Int+4:     It affects your intelligence (+4).
   Dex+3:     It affects your dexterity (+3).
   +Inv:      It lets you turn invisible.
 F - +0 acid dragon scales
 P - the +10 tower shield of Ignorance {rN+ Int-4}
   (You found it on level 1 of the Swamp)

   Int-4:     It affects your intelligence (-4).
   rN+:       It protects you from negative energy.
 S - the +0 cloak of the True Pharaoh {rPois rF+++ rN++ Str-5}
   (You found it on level 12 of the Dungeon)

   Str-5:     It affects your strength (-5).
   rF+++:     It renders you almost immune to fire.
   rPois:     It protects you from poison rN++: It greatly protects you from
   negative energy.
 V - a +1 cloak (worn)
 W - a +0 pair of gloves of stealth (worn)
 X - a +0 buckler of cold resistance (worn)
 Y - the +5 ring mail of Yjouph Qala (worn) {rF+ Str+2}
   (You found it in a Gauntlet)

   Str+2:     It affects your strength (+2).
   rF+:       It protects you from fire.
Jewellery
 s - a +4 ring of slaying (right hand)
 v - an amulet of reflection (around neck)
 y - a ring of protection from cold
 H - a ring of protection from fire
 J - a +4 ring of slaying (left hand)
Wands
 c - a wand of digging (5)
 e - a wand of paralysis (23)
 h - a wand of light (48)
 l - a wand of polymorph (6)
 A - a wand of flame (46)
 I - a wand of mindburst (25)
 L - a wand of iceblast (17)
Scrolls
 i - 3 scrolls of fog
 j - 4 scrolls of butterflies
 q - 5 scrolls of enchant armour
 u - 14 scrolls of identify
 C - 7 scrolls of revelation
 G - 2 scrolls of poison
 Q - a scroll of brand weapon
Potions
 b - 10 potions of enlightenment
 d - 4 potions of curing
 k - 21 potions of ambrosia
 m - a potion of cancellation
 o - 6 potions of magic
 B - 9 potions of resistance
 K - 11 potions of mutation
 M - 8 potions of haste
 N - 3 potions of berserk rage
 O - 5 potions of might
Miscellaneous
 f - a sack of spiders
 T - a condenser vane
 U - a lightning rod (4/4)
 Z - a phial of floods


   Skills:
 * Level 24.3 Fighting
 - Level 12.0 Maces & Flails
 + Level 18.3 Armour
 - Level 8.0 Dodging
 + Level 15.8 Shields
 * Level 20.4 Invocations
 - Level 10.0 Evocations


You had 21 spell levels left.
You didn't know any spells.
Your spell library contained the following spells:

 Spells                   Type           Power      Damage    Failure   Level
 Foxfire                  Conj/Fire      0%         2x1d4     36%         1
 Blink                    Tloc           0%         N/A       50%         2
 Ensorcelled Hibernation  Hex/Ice        0%         N/A       50%         2
 Lesser Beckoning         Tloc           0%         N/A       50%         2
 Momentum Strike          Conj/Tloc      0%         3d8       50%         2
 Static Discharge         Conj/Air       0%         3-3/arc   50%         2
 Dazzling Flash           Conj/Hex       0%         N/A       73%         3
 Gell's Gravitas          Tloc           0%         N/A       73%         3
 Inner Flame              Hex/Fire       0%         N/A       73%         3
 Mephitic Cloud           Conj/Alch/Air  0%         N/A       73%         3
 Ozocubu's Armour         Ice            0%         N/A       73%         3
 Passwall                 Erth           0%         N/A       73%         3
 Stone Arrow              Conj/Erth      0%         3d7       73%         3
 Summon Ice Beast         Ice/Summ       0%         N/A       73%         3
 Swiftness                Air            0%         N/A       73%         3
 Teleport Other           Tloc           0%         N/A       73%         3
 Tukima's Dance           Hex            0%         N/A       73%         3
 Volatile Blastmotes      Fire/Tloc      0%         2d10      73%         3
 Airstrike                Air            0%         2d(0-16)  98%         4
 Animate Armour           Summ/Erth      0%         N/A       98%         4
 Flame Wave               Conj/Fire      0%         2d4       98%         4
 Fulminant Prism          Conj/Alch      0%         3d5       98%         4
 Iskenderun's Mystic Bla  Conj/Tloc      0%         2d3       98%         4
 Passage of Golubria      Tloc           0%         N/A       98%         4
 Sticky Flame             Fire/Alch      0%         2d4       98%         4
 Summon Lightning Spire   Summ/Air       0%         N/A       98%         4
 Curse of Agony           Necr           0%         N/A       100%        5
 Metabolic Englaciation   Hex/Ice        0%         N/A       100%        5
 Silence                  Hex/Air        0%         N/A       100%        5
 Summon Forest            Summ/Tloc      0%         N/A       100%        5
 Summon Mana Viper        Hex/Summ       0%         N/A       100%        5
 Yara's Violent Unravell  Hex/Alch       0%         3d3       100%        5
 Eringya's Noxious Bog    Alch           0%         4d6       100%        6
 Plasma Beam              Fire/Air       0%         2x1d10    100%        6
 Sculpt Simulacrum        Ice/Alch       0%         N/A       100%        6
 Starburst                Conj/Fire      0%         6d3       100%        6
 Summon Cactus Giant      Summ           0%         N/A       100%        6
 Monstrous Menagerie      Summ           0%         N/A       100%        7
 Summon Hydra             Summ           0%         N/A       100%        7
 Lehudib's Crystal Spear  Conj/Erth      0%         10d2      100%        8


Dungeon Overview and Level Annotations

Branches:
Dungeon (15/15)            Temple (1/1) D:6            Lair (5/5) D:9
  Swamp (4/4) Lair:2       Spider (4/4) Lair:3        Slime (0/5) Lair:5
    Orc (2/2) D:11            Elf (0/3) Orc:2        Vaults (5/5) D:13
  Crypt (1/3) Vaults:3     Depths (0/4) D:15          Sewer (visited)
  IceCv (visited)         Volcano (visited)         Gauntlet (visited)

Altars:
Ashenzari
Cheibriados
Dithmenos
Elyvilon
Fedhas
Gozag
Hepliaklqana
Kikubaaqudgha
Makhleb
Nemelex Xobeh
Okawaru
Qazlal
Ru
Sif Muna
Trog
Uskayaw
Vehumet
Wu Jian
Xom
Yredelemnul
Zin
The Shining One

Shops:
D:4 :   D:7 !   Orc:1 *   Orc:2 *(!:=   Vaults:2 [   Vaults:3 (

Annotations:
Lair:1 3 runed translucent doors, bakla's ghost, journeyman FeEn
Vaults:1 36 runed translucent doors
Vaults:5 Saint Roka; Sojobo


Innate Abilities, Weirdness & Mutations

You are immune to sickness and miasma.
Your stone body is resilient. (AC +16)
You are immune to poison.
Your large and strong wings let you fly.
You resist negative energy. (rN+)
You are resistant to electric shocks. (rElec)
You are resistant to unholy torment.
You are immune to petrification.


Message History

The +2 scimitar of flaming burns your butterfly.
Your butterfly dies!
Your butterfly disappears in a burst of colours!
The red very ugly thing basks in the mutagenic energy from its kin and changes!
Your daeva calls down the wrath of the Shining One upon the yaktaur.
The yaktaur is smitten.
Your daeva's attack snaps the yaktaur out of its fear.
Sojobo says, "This battle is not even a challenge!"
The titan waves its arms in wide circles.
The air twists around and strikes you. The radroach bites you!
* * * LOW HITPOINT WARNING * * *
The radroach closely misses you.
The titan waves its arms in wide circles.
The air twists around and strikes you!!
* * * LOW HITPOINT WARNING * * *
Sojobo casts a spell.
The yaktaur captain closely misses your butterfly.
A vault warden comes into view. It is wielding a +1 long sword.
The red very ugly thing engulfs your daeva!
Your daeva is engulfed in flames!!
A dread lich comes into view.
Unknown command.
Unknown command.
Unknown command.
The radroach changes into a two-headed ogre!
The air elemental barely misses you.
Your daeva hits the red very ugly thing with a +3 scimitar of holy wrath! x2
The titan hits your butterfly!!!
Your butterfly dies!
Your butterfly disappears in a burst of colours!
The air elemental hits you but does no damage.
The fire giant attacks as it pursues you!
The fire giant hits you but does no damage.
The deep elf high priest invokes the aid of its god against you.
Something smites you! The Shining One protects you from harm!
The red very ugly thing barely misses your daeva.
The titan waves its arms in wide circles.
The air twists around and strikes you!!
You die...

#§§§.# ..#....# #.#....#
##.#....#'# .##..#....#.###
.s.e..?.D.....+
#################........###
bbb......u(D.EQCO..*<<).....
bbb.......C..$uQ@..<))<.....
bbbbA...bccs†.c)E...<<...y..
b.bbb...bAuu.o).CQe..Q......
#################*oe.....########
oLc..........)$..
...#C...#.C....†††
##..#...p#......p$$
#..#..:.#....e.C.. #......D##


You could see Sojobo (repels missiles), 3 titans, a dread lich, 2 storm dragons,
4 very ugly things, a fire giant, 3 tengu reavers, a deep elf death mage, 3
yaktaur captains, 2 orc knights, a two-headed ogre shaped shifter, a deep elf
high priest, an ironbound convoker (fleeing), a yaktaur (distracted, ally
target), 2 air elementals, a redback shaped shifter (fleeing), 2 lost souls, a
+2 scimitar of flaming and a friendly daeva (summoned).

Vanquished Creatures
  Mara (Vaults:4)
  A shard shrike (IceCv)
  Margery (Vaults:3)
  A bone dragon (Swamp:4)
  A lich (Vaults:5)
  3 tentacled monstrosities
  2 titans (Vaults:5)
  A searing wretch (Vaults:4)
  2 quicksilver dragons (Vaults:5)
  2 ancient champions (Crypt:1)
  5 sphinxes
  Gastronok (D:9)
  2 thorn hunters
  Kirke (D:13)
  A tengu reaver (Vaults:1)
  Roxanne (Spider:2)
  A storm dragon (Vaults:5)
  11 vault wardens
  An emperor scorpion (Lair:3)
  2 ghost moths (Spider:4)
  3 ghouls (Swamp:3)
  7 broodmothers
  16 ironbound preservers
  A curse skull (Vaults:3)
  5 formless jellyfish
  A stone giant (Vaults:4)
  A very ugly thing (Vaults:5)
  3 vampire knights (Crypt:1)
  The ghost of michknight7 the Bludgeoner, a journeyman MiFi of Qazlal (Spider:1)
  3 deep elf death magi
  9 ironbound thunderhulks
  19 dire elephants
  6 eleionomae
  2 war gargoyles (Vaults:4)
  3 minotaurs
  5 bunyips
  A white draconian (IceCv)
  A spark wasp (Lair:3)
  3 eidola (Crypt:1)
  2 ettins (Vaults:4)
  Josephine (Orc:1)
  A blizzard demon (Gauntlet)
  Snorg (Orc:1)
  A fire dragon (Volcano)
  6 jiangshi (Crypt:1)
  5 yaktaur captains
  4 entropy weavers
  A shambling mangrove (Swamp:4)
  A rakshasa (D:14)
  4 great orbs of eyes
  27 vault guards
  5 jorogumos
  4 hydras
  3 catoblepae
  4 ghost crabs
  12 ironbound frosthearts
  3 radroaches
  7 alligators
  A merfolk avatar (Lair:5)
  22 centaur warriors
  Erica (Orc:1)
  11 boulder beetles
  An ogre mage (Vaults:5)
  A death knight (Crypt:1)
  4 two-headed ogres
  A sphinx skeleton (D:15)
  2 vampire magi
  A dancing weapon (Vaults:5)
  A fenstrider witch skeleton (Crypt:1)
  4 death yaks (D:12)
  2 deep troll earth magi (Vaults:2)
  6 demonic crawlers
  5 orc high priests
  2 tengu warriors (D:14)
  A storm dragon zombie (D:15)
  3 spriggans
  3 hell knights
  A fire crab (Gauntlet)
  4 skysharks
  A spectral bunyip (Swamp:4)
  Lodul (D:12)
  13 skeletal warriors
  An iron troll (Vaults:2)
  Amaemon (Lair:1)
  3 sixfirhies (Gauntlet)
  A spark wasp zombie (D:15)
  2 death drakes (Swamp:3)
  5 pharaoh ants
  32 deep trolls
  3 spriggan druids
  A goliath frog (Swamp:1)
  9 orb spiders
  2 phantasmal warriors
  2 arcanists
  4 swamp dragons
  2 sun moths
  Pikel (D:7)
  2 orange crystal statues
  15 lindwurms
  2 spectral alligators (Swamp:4)
  23 ironbound convokers
  9 bog bodies
  3 spectral hydras (Swamp:4)
  4 steelbarb worms
  2 alligator zombies (Swamp:4)
  4 orc knights
  11 harpies
  2 bunyip skeletons (Crypt:1)
  6 necromancers
  6 orc sorcerers
  13 ugly things
  4 cyclopes
  3 manticores
  A shining eye (shapeshifter) (Vaults:4)
  A stone giant zombie (Crypt:1)
  A will-o-the-wisp (Swamp:3)
  A jorogumo skeleton (Crypt:1)
  13 wolf spiders
  Maurice (D:7)
  A tengu skeleton (Vaults:3)
  11 meliai
  3 black mambas
  2 kobold blastminers
  6 moths of wrath
  9 elephants (Lair:5)
  Joseph (D:7)
  43 slime creatures
  6 torpor snails
  An elf skeleton (Vaults:2)
  12 vault sentinels
  The ghost of MadMike78 the Thaumaturge, a novice DESu of Ashenzari (D:6)
  A smoke demon (Gauntlet)
  2 molten gargoyles
  9 cane toads
  3 swamp worm zombies (Swamp:4)
  An efreet (D:14)
  An unseen horror (D:10)
  A yaktaur skeleton (Vaults:2)
  An orange demon (Lair:1)
  20 rime drakes
  A centaur skeleton (Crypt:1)
  8 komodo dragons
  28 yaktaurs
  5 freezing wraiths
  A red devil (Gauntlet)
  2 ice devils (Gauntlet)
  A tengu conjurer (D:15)
  A queen bee (Lair:1)
  2 hydra zombies (Swamp:4)
  A bloated husk (Swamp:3)
  5 trolls
  A queen bee (shapeshifter) (D:13)
  28 tarantellas
  5 hornets
  10 tyrant leeches
  21 polar bears
  A fire dragon zombie (Crypt:1)
  21 blink frogs
  5 dream sheep (Lair:5)
  A tarantella zombie (Crypt:1)
  23 jumping spiders
  A snapping turtle (Lair:5)
  2 human simulacra
  A spectral swamp dragon (Swamp:4)
  A spriggan (shapeshifter) (D:14)
  A wyvern (D:9)
  A centaur simulacrum (D:14)
  An ettin skeleton (Vaults:2)
  9 wraiths
  2 water elementals (D:13)
  13 culicivoras
  A shadow (D:8)
  A vampire (D:13)
  47 yaks
  A hog (D:13)
  A yaktaur simulacrum (Vaults:2)
  4 tyrant leech zombies (Swamp:4)
  4 fire elementals (D:12)
  4 vampire mosquitoes
  12 fire bats
  60 redbacks
  3 wargs
  4 basilisks
  2 steam dragons
  An ogre zombie (Vaults:3)
  21 swamp worms
  3 acid dragons
  Duvessa (D:5)
  15 water moccasins
  4 hell hounds
  25 orc warriors
  A snapping turtle zombie (Crypt:1)
  A swamp drake (Swamp:3)
  2 ice beasts
  4 laughing skulls
  A black bear (D:4)
  A swamp dragon zombie (Swamp:4)
  14 ogres
  2 crocodiles (Sewer)
  16 centaurs
  A blink frog skeleton (Crypt:1)
  4 phantoms
  3 kobold brigands
  A weeping skull (Gauntlet)
  3 scorpions
  A bullfrog (shapeshifter) (D:13)
  4 gnoll sergeants
  17 bullfrogs
  3 wights (D:9)
  Dowan (D:5)
  40 killer bees
  5 howler monkeys
  5 electric eels
  5 lava snakes (Volcano)
  4 crimson imps (Gauntlet)
  2 bombardier beetles (D:7)
  3 gnoll boudas
  A hound (D:3)
  3 jellies
  40 orc priests
  3 iguanas
  41 orc wizards
  A sleepcap (D:5)
  13 human skeletons
  A sickly merfolk siren (Sewer)
  A malarious merfolk avatar (Sewer)
  35 gnolls
  2 river rats (Sewer)
  9 adders
  2 shadow imps
  A white imp (D:8)
  An adder zombie (Crypt:1)
  A dart slug (D:3)
  2 ribbon worms
  96 orcs
  6 endoplasms
  3 giant cockroaches
  7 goblins
  7 hobgoblins
  8 jackals
  16 kobolds
  5 quokkas
  17 ball pythons
  4 bats (D:1)
  15 frilled lizards
  A hobgoblin skeleton (Crypt:1)
  24 rats
1573 creatures vanquished.

Vanquished Creatures (collateral kills)
  Xtahua (Vaults:4)
  Jory (Vaults:5)
  Norris (Vaults:4)
  A shadow dragon (Vaults:5)
  A storm dragon (Vaults:4)
  2 vault wardens
  2 ironbound preservers
  An ironbound thunderhulk (Vaults:4)
  A broodmother (Spider:3)
  3 dire elephants
  A spark wasp (Spider:1)
  Azrael (D:12)
  2 war gargoyles (Vaults:4)
  An ettin (Vaults:4)
  3 yaktaur captains
  A vault guard (Vaults:4)
  A centaur warrior (D:15)
  An alligator (Swamp:1)
  An ironbound frostheart (Vaults:1)
  A death knight (D:15)
  2 boulder beetles
  A shadow wraith (Vaults:1)
  A skyshark (Vaults:3)
  7 deep trolls
  A spectral hydra (Swamp:4)
  An orb spider (Spider:1)
  An ironbound convoker (Vaults:1)
  2 phantasmal warriors
  2 lindwurms (Vaults:1)
  A bog body (Swamp:1)
  A steelbarb worm (Spider:4)
  4 wolf spiders
  A necromancer (D:15)
  An ugly thing (IceCv)
  A vault sentinel (Vaults:1)
  A cane toad (Lair:5)
  A rime drake (IceCv)
  3 yaktaurs
  A tyrant leech (Swamp:1)
  2 hydra zombies (Swamp:4)
  2 tarantellas (Spider:2)
  5 blink frogs (Lair:5)
  A snapping turtle (Lair:5)
  9 slime creatures
  4 jumping spiders
  4 culicivoras
  A vampire mosquito (Swamp:1)
  5 swamp worms (Swamp:1)
  4 redbacks
  A hell hound (D:12)
  2 swamp dragon zombies (Swamp:4)
  A swamp drake (Swamp:1)
  2 phantoms (Swamp:4)
103 creatures vanquished.

Vanquished Creatures (others)
  A phantasmal warrior (Swamp:4)
  A will-o-the-wisp (Swamp:3)
  7 bloated husks
  A polar bear (IceCv)
  A water elemental (D:12)
  2 fire bats (Volcano)
  2 swamp worms
  An ogre (Vaults:5)
  4 phantoms (Swamp:4)
  6 foxfires (Swamp:3)
26 creatures vanquished.

Grand Total: 1702 creatures vanquished

Notes
Turn   | Place    | Note
-------+----------+-------------------------------------------
     0 | D:1      | Yore the Gargoyle Fighter began the quest for the Orb.
     0 | D:1      | Reached XP level 1. HP: 14/14 MP: 1/1
   148 | D:1      | Reached XP level 2. HP: 19/19 MP: 2/2
   519 | D:1      | Reached XP level 3. HP: 22/24 MP: 3/3
   862 | D:2      | HP: 1/24 [gnoll/+0 halberd (7)]
   987 | D:1      | Reached skill level 4 in Fighting
  1178 | D:2      | Reached XP level 4. HP: 29/29 MP: 4/4
  1459 | D:2      | Noticed a phantom
  1495 | D:2      | Killed a phantom
  1496 | D:2      | Reached XP level 5. HP: 9/34 MP: 5/5
  1744 | D:3      | Reached skill level 5 in Fighting
  2143 | D:3      | Found a glowing drain.
  2150 | Sewer    | Entered a sewer
  2239 | Sewer    | Reached XP level 6. HP: 40/40 MP: 6/6
  2488 | Sewer    | Reached skill level 6 in Fighting
  2499 | Sewer    | Reached skill level 5 in Armour
  2499 | Sewer    | Reached XP level 7. HP: 34/47 MP: 7/7
  3174 | D:4      | Reached skill level 7 in Fighting
  3579 | D:4      | Reached XP level 8. HP: 37/53 MP: 8/8
  3705 | D:4      | You fall into a shaft and drop 2 floors!
  3706 | D:6      | Noticed a two-headed ogre
  4083 | D:6      | Reached skill level 8 in Fighting
  4083 | D:6      | Reached skill level 5 in Maces & Flails
  4204 | D:6      | Found a staircase to the Ecumenical Temple.
  4213 | Temple   | Entered the Ecumenical Temple
  4222 | Temple   | Became a worshipper of the Shining One
  4239 | D:6      | Killed a two-headed ogre
  4240 | D:6      | Reached skill level 9 in Fighting
  4240 | D:6      | Reached XP level 9. HP: 60/60 MP: 10/10
  4447 | D:6      | Found a runed translucent door.
  4449 | D:6      | Noticed MadMike78's ghost (novice DESu)
  4635 | D:6      | Found an iron altar of Okawaru.
  4749 | D:5      | Entered Level 5 of the Dungeon
  4778 | D:4      | Found Obecav's Self-Published Books.
  5656 | D:5      | Noticed Duvessa
  5657 | D:5      | Noticed Dowan
  5676 | D:5      | Killed Dowan
  5685 | D:5      | Killed Duvessa
  5936 | D:5      | Reached skill level 10 in Fighting
  6128 | D:6      | Found a snail-covered altar of Cheibriados.
  6133 | D:6      | Found a sacrificial altar of Ru.
  6354 | D:6      | Killed MadMike78's ghost
  6413 | D:7      | Reached XP level 10. HP: 64/68 MP: 13/13
  6470 | D:7      | Found Hirghuoq's Distillery.
  6483 | D:7      | Bought a potion of haste for 120 gold pieces
  6483 | D:7      | Bought a potion of magic for 96 gold pieces
  6533 | D:7      | Found a shadowy altar of Dithmenos.
  6550 | D:7      | Noticed Pikel
  6577 | D:7      | Killed Pikel
  6578 | D:7      | Reached skill level 5 in Invocations
  6659 | D:7      | Reached * piety under the Shining One
  6664 | D:7      | Reached skill level 11 in Fighting
  6791 | D:7      | Noticed Joseph
  6844 | D:7      | Killed Joseph
  6914 | D:7      | Noticed Maurice
  6944 | D:7      | Killed Maurice
  7088 | D:7      | Found an ancient bone altar of Kikubaaqudgha.
  7122 | D:7      | Found a blossoming altar of Fedhas.
  7573 | D:8      | Noticed a white ugly thing
  7714 | D:8      | Killed a white ugly thing
  7715 | D:8      | Reached skill level 12 in Fighting
  7715 | D:8      | Reached XP level 11. HP: 76/76 MP: 11/15
  7943 | D:9      | Found a staircase to the Lair.
  8003 | D:9      | Found a stormy altar of Qazlal.
  8126 | D:9      | Reached ** piety under the Shining One
  8249 | D:9      | Noticed an orc knight
  8682 | D:9      | Reached skill level 13 in Fighting
  8935 | D:9      | Found an opulent altar of Gozag.
  8998 | D:9      | Found a basalt altar of Yredelemnul.
  9187 | D:9      | Killed an orc knight
  9203 | D:10     | Entered Level 10 of the Dungeon
  9331 | D:10     | Found a shimmering blue altar of Sif Muna.
  9423 | D:10     | Reached skill level 10 in Armour
  9540 | D:10     | Noticed a deep elf pyromancer
  9540 | D:10     | Identified the +2 pair of boots "Muamaumi" {+Inv Int+4
                  | Dex+3}
 10295 | D:10     | Found a hazy altar of Hepliaklqana.
 10619 | D:11     | Noticed a manticore
 10642 | D:11     | Found a staircase to the Orcish Mines.
 10643 | D:11     | Reached XP level 12. HP: 36/84 MP: 17/17
 10857 | D:11     | Noticed a boulder beetle
 10878 | D:11     | Killed a boulder beetle
 10921 | D:11     | Reached skill level 14 in Fighting
 11483 | D:12     | Reached skill level 1 in Dodging
 11574 | D:12     | Reached *** piety under the Shining One
 11575 | D:12     | Noticed Lodul
 11969 | D:12     | Killed Lodul
 12303 | D:12     | Noticed a boulder beetle
 12368 | D:12     | Reached skill level 5 in Shields
 12401 | D:12     | Killed a boulder beetle
 12422 | D:12     | Noticed a death yak
 12448 | D:12     | Noticed Azrael
 12601 | Lair:1   | Entered Level 1 of the Lair of Beasts
 12696 | Lair:1   | Found a runed translucent gate.
 12696 | Lair:1   | Noticed a nine-headed hydra
 12697 | Lair:1   | Noticed a 12-headed hydra
 12698 | Lair:1   | Found a runed translucent gate.
 12698 | Lair:1   | Noticed bakla's ghost (journeyman FeEn)
 12699 | Lair:1   | Found a runed translucent gate.
 12713 | Lair:1   | Noticed Gastronok
 12713 | Lair:1   | Noticed Amaemon
 12744 | Lair:1   | Killed Amaemon
 12870 | Orc:1    | Entered Level 1 of the Orcish Mines
 12872 | Orc:1    | Noticed Snorg
 12991 | D:9      | Killed Gastronok
 12992 | D:9      | Reached XP level 13. HP: 76/91 MP: 19/19
 13157 | Lair:1   | Reached skill level 10 in Maces & Flails
 13253 | Lair:1   | Reached skill level 15 in Fighting
 14048 | Lair:2   | Reached **** piety under the Shining One
 14186 | Lair:3   | Found a hole to the Spider Nest.
 14404 | Lair:2   | Found a dark tunnel.
 14451 | Volcano  | Entered a volcano
 14683 | Volcano  | Noticed a fire dragon
 14704 | Volcano  | Killed a fire dragon
 14775 | Volcano  | Found a burning altar of Makhleb.
 14798 | Volcano  | Found a bloodstained altar of Trog.
 15202 | Lair:2   | Reached skill level 10 in Invocations
 15221 | Lair:2   | Found a staircase to the Swamp.
 16143 | Lair:4   | You fall into a shaft and drop 1 floor!
 16143 | Lair:5   | Entered Level 5 of the Lair of Beasts
 16231 | Lair:4   | Reached skill level 16 in Fighting
 16231 | Lair:4   | Gained mutation: Your large and strong wings let you fly.
                  | [Gargoyle growth]
 16231 | Lair:4   | Reached XP level 14. HP: 82/100 MP: 21/21
 17012 | Lair:5   | Noticed a dire elephant
 17233 | Orc:1    | Killed Snorg
 17259 | Orc:1    | Noticed Josephine
 17265 | Orc:1    | Killed Josephine
 17462 | Orc:1    | Found Fiesauv's General Store.
 17599 | Orc:1    | Noticed Erica
 17613 | Orc:1    | Killed Erica
 17808 | Orc:2    | Entered Level 2 of the Orcish Mines
 18025 | Orc:2    | Reached ***** piety under the Shining One
 18349 | Orc:2    | Reached skill level 5 in Dodging
 18480 | Orc:2    | Found a staircase to the Elven Halls.
 18675 | Orc:2    | Found Noeraas's Overcharged Wands.
 18683 | Orc:2    | Bought a wand of light (18) for 1134 gold pieces
 18773 | Orc:2    | Found Nacoac's Distillery.
 18773 | Orc:2    | Found Ibleam Hiawn's Weapon Emporium.
 18774 | Orc:2    | Found Wifriunt's Book Shoppe.
 18778 | Orc:2    | Found Vurchum's Jewellery Shoppe.
 18781 | Orc:2    | Bought a potion of berserk rage for 50 gold pieces
 18781 | Orc:2    | Bought a potion of haste for 100 gold pieces
 18781 | Orc:2    | Bought a potion of might for 40 gold pieces
 19315 | Lair:5   | Killed a dire elephant
 19599 | Lair:5   | Reached skill level 17 in Fighting
 19705 | Lair:5   | Reached XP level 15. HP: 107/107 MP: 23/23
 19773 | Lair:5   | Found a staircase to the Slime Pits.
 20664 | D:12     | Killed Azrael
 21009 | D:12     | Reached ****** piety under the Shining One
 21234 | D:12     | Identified the +0 cloak of the True Pharaoh {rPois rF+++
                  | rN++ Str-5}
 21383 | D:13     | Identified a +0 sacred scourge of holy wrath (a -2 demon
                  | whip of venom blessed by the Shining One)
 21383 | D:13     | Received a gift from the Shining One
 21585 | D:13     | Found a gate to the Vaults.
 22679 | D:14     | Noticed Kirke
 22700 | D:13     | Killed Kirke
 22729 | D:14     | Found a burning altar of Makhleb.
 23064 | D:14     | Reached skill level 18 in Fighting
 23355 | D:15     | Entered Level 15 of the Dungeon
 23460 | D:15     | Found a gate leading to a gauntlet.
 23464 | Gauntlet | Entered a Gauntlet
 23464 | Gauntlet | Found a transporter.
 23478 | Gauntlet | Found a transporter.
 23478 | Gauntlet | Found a transporter.
 23479 | Gauntlet | Found a transporter.
 23487 | Gauntlet | Found a transporter.
 23490 | Gauntlet | Found a transporter.
 23491 | Gauntlet | Found a transporter.
 23501 | Gauntlet | Found a transporter.
 23503 | Gauntlet | Found a transporter.
 23504 | Gauntlet | Found a transporter.
 23512 | Gauntlet | Found a transporter.
 23515 | Gauntlet | Found a transporter.
 23516 | Gauntlet | Found a transporter.
 23524 | Gauntlet | Found a transporter.
 23625 | Gauntlet | Identified the +5 robe of Oxurph {rPois}
 23653 | Gauntlet | Reached XP level 16. HP: 110/114 MP: 25/25
 23866 | Gauntlet | Identified the +6 dire flail of Wiacama {speed, +Blink rF+}
 23926 | Gauntlet | Identified the +5 long sword "Lolusib" {holy, rC+ Int+5}
 23926 | Gauntlet | Identified the +5 ring mail of Yjouph Qala {rF+ Str+2}
 23999 | D:15     | Reached skill level 10 in Shields
 24039 | D:15     | Found a staircase to the Depths.
 24744 | Swamp:1  | Entered Level 1 of the Swamp
 24818 | Swamp:1  | Found the +10 tower shield of Ignorance {rN+ Int-4}
 25399 | Swamp:2  | Found a glacial archway.
 25501 | Swamp:2  | Noticed a thorn hunter
 25530 | Swamp:2  | Killed a thorn hunter
 25574 | Swamp:2  | Reached skill level 1 in Evocations
 25591 | IceCv    | Entered an ice cave
 25615 | IceCv    | Reached skill level 19 in Fighting
 26319 | IceCv    | Noticed a shard shrike
 26348 | IceCv    | Killed a shard shrike
 26349 | IceCv    | Reached XP level 17. HP: 68/122 MP: 3/26
 26497 | IceCv    | Identified a scroll of acquirement
 26498 | IceCv    | Acquired 420 gold pieces
 27538 | Swamp:3  | Found a glowing silver altar of Zin.
 28551 | Swamp:4  | Entered Level 4 of the Swamp
 28804 | Swamp:4  | Noticed a tentacled monstrosity
 28811 | Swamp:4  | Killed a tentacled monstrosity
 29212 | Swamp:4  | Reached skill level 20 in Fighting
 29224 | Swamp:4  | Noticed a bone dragon
 29236 | Swamp:4  | Reached skill level 15 in Armour
 29240 | Swamp:4  | Killed a bone dragon
 29266 | Swamp:4  | Got a decaying rune of Zot
 29710 | Spider:1 | Entered Level 1 of the Spider Nest
 29748 | Spider:1 | Reached XP level 18. HP: 97/129 MP: 17/29
 30344 | Lair:3   | Reached skill level 15 in Invocations
 30682 | Spider:1 | Noticed michknight7's ghost (journeyman MiFi)
 30687 | Spider:1 | Found a runed translucent door.
 30809 | Spider:1 | Acquired 733 gold pieces
 31014 | Spider:1 | Killed michknight7's ghost
 31015 | Spider:1 | Reached skill level 5 in Evocations
 31291 | Spider:2 | Noticed Roxanne
 31984 | Spider:2 | Killed Roxanne
 33121 | Spider:3 | Reached skill level 21 in Fighting
 33345 | Spider:4 | Entered Level 4 of the Spider Nest
 34112 | Spider:4 | Reached XP level 19. HP: 98/137 MP: 31/31
 34717 | Spider:4 | Found the crystal ball of Wucad Mu {*channel}
 34751 | Spider:4 | Got a gossamer rune of Zot
 35148 | Vaults:1 | Entered Level 1 of the Vaults
 35479 | Vaults:1 | Found a huge runed translucent gate.
 35479 | Vaults:1 | Found a huge runed translucent gate.
 35479 | Vaults:1 | Found a huge runed translucent gate.
 35479 | Vaults:1 | Found a huge runed translucent gate.
 35479 | Vaults:1 | Found a huge runed translucent gate.
 35479 | Vaults:1 | Found a huge runed translucent gate.
 35479 | Vaults:1 | Found a huge runed translucent gate.
 35480 | Vaults:1 | Found a huge runed translucent gate.
 35480 | Vaults:1 | Found a huge runed translucent gate.
 35480 | Vaults:1 | Found a huge runed translucent gate.
 35481 | Vaults:1 | Found a huge runed translucent gate.
 35481 | Vaults:1 | Found a huge runed translucent gate.
 35481 | Vaults:1 | Found a huge runed translucent gate.
 35485 | Vaults:1 | Found a huge runed translucent gate.
 35486 | Vaults:1 | Found a huge runed translucent gate.
 35486 | Vaults:1 | Found a huge runed translucent gate.
 35486 | Vaults:1 | Found a huge runed translucent gate.
 35486 | Vaults:1 | Found a huge runed translucent gate.
 35488 | Vaults:1 | Found a huge runed translucent gate.
 35489 | Vaults:1 | Found a huge runed translucent gate.
 35490 | Vaults:1 | Found a huge runed translucent gate.
 35490 | Vaults:1 | Found a huge runed translucent gate.
 35495 | Vaults:1 | Found a huge runed translucent gate.
 35496 | Vaults:1 | Found a huge runed translucent gate.
 35496 | Vaults:1 | Found a huge runed translucent gate.
 35496 | Vaults:1 | Found a huge runed translucent gate.
 35496 | Vaults:1 | Found a huge runed translucent gate.
 35516 | Vaults:1 | Found a huge runed translucent gate.
 35517 | Vaults:1 | Found a huge runed translucent gate.
 35518 | Vaults:1 | Found a huge runed translucent gate.
 35518 | Vaults:1 | Found a huge runed translucent gate.
 35524 | Vaults:1 | Found a huge runed translucent gate.
 35525 | Vaults:1 | Found a huge runed translucent gate.
 35525 | Vaults:1 | Found a huge runed translucent gate.
 35525 | Vaults:1 | Found a huge runed translucent gate.
 35525 | Vaults:1 | Found a huge runed translucent gate.
 37551 | Vaults:1 | Reached skill level 22 in Fighting
 37895 | Vaults:2 | Reached XP level 20. HP: 145/145 MP: 24/32
 38321 | Vaults:2 | Found Qaugubb's Armour Emporium.
 40071 | Vaults:3 | Acquired a manual of Maces & Flails
 41470 | Vaults:2 | Reached XP level 21. HP: 129/152 MP: 34/34
 41648 | Vaults:3 | Found Yduihit's Weapon Emporium.
 41680 | Vaults:3 | Identified the ring "Fipluj" {Fly MP+9}
 41850 | Vaults:3 | Reached skill level 23 in Fighting
 42125 | Vaults:3 | Identified the +2 scale mail of the Untouchables {rPois rF-
                  | rCorr}
 42159 | Vaults:3 | Found a staircase to the Crypt.
 42858 | Vaults:4 | Noticed Margery
 42970 | Vaults:3 | Killed Margery
 42980 | Vaults:4 | Noticed Norris
 43350 | Vaults:4 | Killed Norris
 43684 | Vaults:4 | Noticed Mara
 43704 | Vaults:4 | Noticed Yore's illusion
 43713 | Vaults:4 | Killed Mara
 43898 | Vaults:4 | Reached skill level 15 in Shields
 44535 | Vaults:4 | Noticed Xtahua
 44630 | Vaults:4 | Killed Xtahua
 44945 | Vaults:5 | Entered Level 5 of the Vaults
 45577 | Crypt:1  | Entered Level 1 of the Crypt
 45585 | Crypt:1  | Paralysed by a vampire knight for 2 turns
 45639 | Crypt:1  | Reached XP level 22. HP: 161/161 MP: 35/35
 46341 | Vaults:5 | Noticed an ancient lich
 46495 | Vaults:4 | Reached skill level 24 in Fighting
 46880 | Vaults:5 | Reached skill level 10 in Evocations
 46920 | Vaults:5 | HP: 8/161 [orc high priest/divine providence[Saint Roka]
                  | (13)]
 46952 | Vaults:5 | Noticed Jory
 46976 | Vaults:5 | Killed Jory
 47208 | Vaults:5 | Noticed a golden dragon
 47233 | Vaults:5 | Noticed Sojobo
 47236 | Vaults:5 | Identified the +8 flail of Xyiledgh {distort, *Rage rElec
                  | Str+3}
 47241 | Vaults:5 | Identified the +7 rapier of Gexyiw {pain, Will+}
 47242 | Vaults:5 | Identified the +4 orcbow of the Onslaught {speed, rN++
                  | Str+2}
 47242 | Vaults:5 | Noticed Saint Roka
 47244 | Vaults:5 | Noticed a dread lich
 47244 | Vaults:5 | The Shining One protects you from harm!
 47244 | Vaults:5 | Killed from afar by a titan

Illustrated notes

Levels and vault maps discovered:
D:1:      minmay_arrival_four_houses, layout_loops_ring, serial_glass,
          glass_columns_a, glass_columns_a, glass_columns_b, glass_columns_a,
          glass_columns_b, wander_ebering_terrifying_dragon_lair
D:2:      layout_rooms, chequers_avenue
D:3:      layout_rooms, mainiacjoe_sewer_entry_somewhere_in_here_2
D:4:      layout_loops_ring, serial_park_tiny_1, nicolae_custom_books,
          minmay_a_box_with_orc_wizards_in_it
D:5:      layout_basic, minmay_misc_feat_rows, uniq_duvessa
D:6:      layout_loops_corners, okawaru_trees_2, mainiacjoe_overflow_big_doors,
          minmay_temple_entry_ruins, ebering_ghost_sewer_d
D:7:      layout_loops_ring, fedhas_altar_1, mainiacjoe_overflow_cross_hatched,
          mainiacjoe_overflow_alcove_2, serial_shops, nicolae_shop_waterfront,
          uniq_maurice, uniq_pikel, uniq_joseph
D:8:      kennysheep_big_flooded_room, layout_rooms
D:9:      minmay_four_partial_circles, layout_irregular_city,
          mainiacjoe_overflow_two_lobes, nicolae_qazlal_scattered_showers,
          dpeg_oklobed_lair, chequers_jeans, hangedman_decor_push,
          lightli_church_of_beogh
D:10:     layout_basic, mainiacjoe_overflow_brackets,
          nicolae_hepliaklqana_hippocampus, kennysheep_minor_cross,
          lightli_corner_chamber
D:11:     layout_basic, david_orc_3
D:12:     fort_yaktaur, layout_loops_corners, uniq_azrael, uniq_lodul
D:13:     minmay_goldmine, layout_basic, david_vaults_4
D:14:     layout_roguey, bloody_makhleb, nicolae_titane, uniq_kirke
D:15:     gammafunk_depths_entry_grave, layout_cave_pools,
          gauntlet_entry_generic, hangedman_abyss_or_decor_clamps
Temple:   jpeg_temple_clearing
Lair:1:   layout_loops_ring, gammafunk_ghost_hydra_chop, special_room
          [special_room_bee], uniq_gastronok, uniq_amaemon
Lair:2:   layout_regular_city, minmay_swamp_entry_worms,
          nicolae_volcano_entry_vermiform, serial_bayou_shore_b
Lair:3:   layout_regular_city, spider_nest_entry_webs, nicolae_lair_lindhole
Lair:4:   layout_gridlike
Lair:5:   gammafunk_lair_ancient_temple, layout_big_grid, slime_entry_1,
          serial_bayou_shore_b
Swamp:1:  layout_basic_swamp, wheals_swamp_sinkhole, swamp_pool_1_2,
          worms_lemuel
Swamp:2:  layout_falls_marsh, portal_ice_cave_entry_pillars_three,
          nicolae_swamp_round_clearing
Swamp:3:  regret_index_all_hallows'_manor, layout_basic_swamp,
          hangedman_swamp_ruin_hall, swamp_pool_5, nicolae_swamp_well_well_well,
          lemuel_altar_in_water
Swamp:4:  swamp_pestilence, layout_basic_swamp, swamp_pool_1_2,
          hangedman_swamp_diagram
Spider:1: layout_spider_delve, hellmonk_ghost_happy_afterlife,
          nicolae_spider_some_kinda_spiderbox
Spider:2: layout_spider_delve, uniq_roxanne
Spider:3: layout_spider_delve
Spider:4: hellmonk_spider_rune_endless_swarm, hangedman_spider_tarantella_strand
Orc:1:    layout_diamond_mine, serial_shops, shop, nicolae_orc_damp_corner,
          nicolae_orc_minecarts, uniq_josephine, uniq_snorg, uniq_erica
Orc:2:    st_orc_mages, layout_caves, nicolae_shop_overcharged_wands
Vaults:1: door_vault, v_misc_10, grunt_vaults_hallway_short,
          vaults_standard_mumra_enter_the_diamond, vaults_room_corners,
          v_misc_5, nicolae_vaults_little_ls, vaults_standard_mumra_lines,
          ontoclasm_vaults_decontamination, nicolae_vaults_layer_cake_slice,
          hangedman_vaults_hat, v_misc_13, layout_vaults_maze_snakey
Vaults:2: v_misc_16, v_misc_29, nicolae_vaults_crenellated_ambush,
          nicolae_vaults_angled_halls, nicolae_vaults_taking_the_gang_shopping,
          nicolae_vaults_steering_wheel, vaults_mumra_chevron, v_pattern_1,
          grunt_vaults_hallway_short, dpeg_vaults_monster_row,
          nicolae_vaults_house_3, nicolae_vaults_door_testing_chamber,
          ontoclasm_vaults_ring_square, nicolae_vaults_little_squares_2,
          nicolae_vaults_little_squares_4, vaults_room_pool,
          nicolae_vaults_tetromino_L_2, vaults_room_pools, layout_vaults_ring
Vaults:3: nicolae_vaults_network_quinsquares
          [nicolae_vaults_network_quincunx_subvault,
          nicolae_vaults_network_quincunx_subvault,
          nicolae_vaults_network_quincunx_subvault,
          nicolae_vaults_network_quincunx_subvault], grunt_vaults_twisty,
          nicolae_vaults_tetromino_L_1, nicolae_vaults_wrenched,
          nicolae_vaults_rhombus_6, hangedman_vaults_stitches, vaults_mumra_hex,
          nicolae_vaults_circle_grid_a, v_rooms_6,
          minmay_crypt_entry_simple_walls, nicolae_vaults_offset_grid_hallway_1,
          ontoclasm_vaults_ring_square, nicolae_vaults_statue_guard,
          nicolae_vaults_trapezoid_lopsided_1, layout_vaults_omnibox,
          serial_shops, nicolae_shop_waterfront
Vaults:4: vaults_room_stairs_pillars, nicolae_vaults_storage_room_statues,
          nicolae_vaults_network_quincunx
          [nicolae_vaults_network_quincunx_subvault,
          nicolae_vaults_network_quincunx_subvault,
          nicolae_vaults_network_quincunx_subvault,
          nicolae_vaults_network_quincunx_subvault,
          nicolae_vaults_network_quincunx_subvault], vaults_room_door_ring,
          nicolae_vaults_storage_closets_2, nicolae_vaults_tetromino_T_2,
          nicolae_vaults_inception_scallops, nicolae_vaults_mini_display_case,
          ontoclasm_vaults_gateway, st_hourglassy,
          nicolae_vaults_trapezoid_lopsided_3,
          nicolae_vaults_diagonal_hallway_6,
          nicolae_vaults_variable_pillar_hall, layout_vaults_omnicross,
          uniq_margery, uniq_mara, uniq_xtahua, uniq_norris
Vaults:5: serial_shops, uniq_saint_roka, uniq_sojobo, uniq_jory
Crypt:1:  layout_rooms

Skill      XL: |  1  2  3  4  5  6  7  8  9 10 11 12 13 14 15 16 17 18 19 20 21 22 |
---------------+-------------------------------------------------------------------+-----
Fighting       | 4 5 6 7 9 10 12 13 14 16 17 18 19 20 21 22 23 24 | 24.3
Maces & Flails | 3 4 5 6 7 9 10 11 12 | 12.0
Armour         | 4 5 6 7 9 10 11 12 13 14 15 16 17 18 | 18.3
Shields        | 4 5 7 8 9 10 11 12 13 14 15 | 15.8
Invocations    | 2 4 6 7 9 10 11 12 13 14 16 17 18 19 20 | 20.4
Dodging        | 2 4 5 6 7 8 |  8.0
Evocations     | 2 4 6 7 8 9 10 | 10.0

Action                     |  1- 3 |  4- 6 |  7- 9 | 10-12 | 13-15 | 16-18 | 19-21 | 22-24 || total
---------------------------+-------+-------+-------+-------+-------+-------+-------+-------++-------
  Melee: Flail             |   116 |   252 |     9 |       |       |       |       |       ||   377
         Morningstar       |       |       |   386 |   864 |  1184 |       |       |       ||  2434
         Sacred scourge    |       |       |       |       |   342 |  1552 |  1684 |   199 ||  3777
  Throw: Boomerang         |       |     7 |     6 |    12 |    82 |     4 |     7 |       ||   118
 Invoke: Divine Shield     |       |       |       |     2 |     1 |     1 |       |       ||     4
         Cleansing Flame   |       |       |       |       |     6 |    19 |    26 |    19 ||    70
         Summon Divine War |       |       |       |       |     3 |    13 |    16 |     5 ||    37
         Brand Weapon With |       |       |       |       |     1 |       |       |       ||     1
  Evoke: Wand              |       |       |     5 |    57 |    13 |     7 |     3 |       ||    85
         Lightning rod     |       |       |       |       |       |     6 |       |       ||     6
         Condenser vane    |       |       |       |       |       |     2 |       |     1 ||     3
         Sack of spiders   |       |       |       |       |       |     1 |     2 |     1 ||     4
         Phial of floods   |       |       |       |       |       |       |       |     1 ||     1
    Use: Potion            |     1 |     1 |       |     1 |     2 |     2 |       |    17 ||    24
         Scroll            |       |     5 |     3 |    12 |    15 |     9 |     4 |    15 ||    63
 Armour: Scale mail        |   106 |    70 |       |       |       |       |       |       ||   176
         Chain mail        |       |   108 |   394 |   467 |       |       |       |       ||   969
         Acid dragon scale |       |       |       |   179 |   225 |       |       |       ||   404
         Plate armour      |       |       |       |       |  1006 |   211 |       |       ||  1217
         Ring mail         |       |       |       |       |       |   971 |  1021 |   287 ||  2279
  Dodge: Dodged            |    60 |   121 |   174 |   581 |   537 |   691 |   664 |   136 ||  2964
  Block: Buckler           |    20 |    53 |    97 |   171 |       |   546 |   834 |   149 ||  1870
         Kite shield       |       |       |       |   102 |   886 |   105 |       |       ||  1093
         Tower shield      |       |       |       |       |       |   152 |       |       ||   152
         Reflection        |       |       |       |       |       |     3 |    33 |     7 ||    43
